 Dungeon Crawl Stone Soup version 0.18-a0-82-gaf82852 (webtiles) character file.

725 Duffy the Ruffian (level 7, 0/52 HPs)
             Began as a Mummy Monk on Nov 13, 2015.
             Slain by a black bear (6 damage)
             ... on level 5 of the Dungeon.
             The game lasted 00:05:56 (5756 turns).

Duffy the Ruffian (Mummy Monk)                      Turns: 5756, Time: 00:05:56

Health: 0/52       AC:  4    Str: 17    XL:     7   Next: 43%
Magic:  7/7        EV:  8    Int:  9    God:
Gold:   46         SH:  0    Dex: 17    Spells: 0 memorised, 6 levels left

rFire  . . .     SeeInvis .     i - +1 dagger (elec)
rCold  . . .     Clarity  .     q - +0 chain mail
rNeg   + + +     SustAt   .     (no shield)
rPois  ∞         Gourm    .     (no helmet)
rElec  .         Spirit   .     (no cloak)
rCorr  .         Warding  .     (no gloves)
rMut   .         Stasis   .     (no boots)
MR     .....                    s - amulet of faith
Stlth  ..........               r - ring of fire
                                d - +3 ring of dexterity

@: corroded equipment, not resistant to hostile enchantments, extremely
unstealthy
A: no food or potions, fire vulnerability, cold resistance 1, negative energy
resistance 3, torment resistance, unbreathing
a: no special abilities


You were on level 5 of the Dungeon.
You were not hungry.

You visited 1 branch of the dungeon, and saw 6 of its levels.

You collected 266 gold pieces.
You spent 220 gold pieces at shops.


Innate Abilities, Weirdness & Mutations

You do not eat or drink.
Your flesh is vulnerable to fire.
You are immune to poison.
Your flesh is cold resistant.
You are immune to negative energy.
You are immune to unholy pain and torment.
You can survive without breathing.


   Skills:
 - Level 3.0 Fighting
 - Level 2.4 Dodging
 - Level 1.5 Stealth
 + Level 7.7 Unarmed Combat


You had 6 spell levels left.
You didn't know any spells.

Inventory:

Hand Weapons
 i - a +1 dagger of electrocution (weapon)
Missiles
 e - 55 poisoned needles
Armour
 a - a +0 robe
 b - a +0 ring mail
 q - a +0 chain mail (worn)
Jewellery
 d - a +3 ring of dexterity (left hand)
 m - an uncursed ring of positive energy
 r - a ring of fire (right hand)
 s - an amulet of faith (around neck)
Wands
 j - a wand of fireball (2)
 n - a wand of lightning (0)
Scrolls
 c - 4 scrolls of identify
 f - 2 scrolls of enchant armour
 g - 4 scrolls of remove curse
 h - 2 scrolls of amnesia
 k - 2 scrolls of fear
 l - 5 scrolls of blinking
 o - a scroll of magic mapping
 p - a scroll of recharging

Dungeon Overview and Level Annotations

Branches:
Dungeon (6/15)
 Temple: D:4-7

Altars:
Fedhas
Nemelex Xobeh
Qazlal
Ru
Sif Muna
The Shining One

Shops:
D:5 ?


Message History

You hit the giant gecko.
The giant gecko is moderately wounded.
The giant gecko bites you but does no damage.
You hit the giant gecko.
The giant gecko is heavily wounded.
The giant gecko bites you but does no damage.
You hit the giant gecko.
You kill the giant gecko!
Done exploring.
There is a stone staircase leading down here.
You climb downwards.
The giant gecko closely misses you. The jelly closely misses you.
The giant gecko bites you but does no damage.
The black bear bites you.
The black bear claws you but does no damage.
The black bear barely misses you. The jelly hits you.
You are splashed with acid!
The acid corrodes you!
The acid burns!
The orc priest hits you but does no damage.
The orc priest casts a cantrip, but nothing happens.
There is a stone staircase leading up here.
The giant gecko bites you but does no damage.
The black bear bites you. The black bear claws you. The black bear claws you.
The jelly hits you.
You are splashed with acid!
The acid burns!
You climb upwards.
There is a stone staircase leading down here.
The giant gecko bites you but does no damage.
The black bear bites you but does no damage.
The black bear claws you.
The black bear claws you but does no damage.
The orc priest invokes the aid of Beogh against you.
Something smites you! The giant gecko bites you.
You can't drink.
The black bear bites you.
You die...

#........#.###...### #..######
.........#.?##.....## #.##
###.####.##.∩...##..# ##.#
.........###....###.# #..#
........####.##.###.####.##
.............##..##.#....#
.........##.>J....#...####
.........###..##l........##
.........# ##.oh@....#.#..##
.........# ##...#####..#..#
.........#####....## ##.##.######
...............#...# #.##..##..#
####...#.........<.####...#.....#
...##....#####...#...####.####..#
....##...## ##.##.#.####.......#
.....##...# #..#.#............#
......###.# ##..#.#########.....


You could see a black bear, an orc priest and a giant gecko.

Action                   |  1- 3 |  4- 6 |  7- 9 || total
-------------------------+-------+-------+-------++-------
Melee: Unarmed           |    61 |       |       ||    61
       Dagger            |    60 |   224 |    66 ||   350
Evoke: Wand              |       |     3 |     1 ||     4
  Use: Scroll            |       |       |     6 ||     6
 Stab: Sleeping          |     2 |     2 |     2 ||     6
       Invisible         |       |     1 |       ||     1
       Paralysed         |       |     1 |       ||     1
       Distracted        |       |     1 |       ||     1

Notes
Turn   | Place    | Note
--------------------------------------------------------------
     0 | D:1      | Duffy the Mummy Monk began the quest for the Orb.
     0 | D:1      | Reached XP level 1. HP: 18/18 MP: 1/1
   232 | D:1      | Reached XP level 2. HP: 24/24 MP: 2/2
   806 | D:2      | Reached skill level 4 in Unarmed Combat
   834 | D:2      | Reached XP level 3. HP: 29/29 MP: 3/3
  1391 | D:2      | Reached XP level 4. HP: 35/35 MP: 4/4
  1840 | D:3      | Found a sacrificial altar of Ru.
  1851 | D:3      | Reached skill level 5 in Unarmed Combat
  2023 | D:3      | Reached XP level 5. HP: 35/41 MP: 5/5
  3150 | D:3      | Found a deep blue altar of Sif Muna.
  3267 | D:4      | Reached skill level 6 in Unarmed Combat
  3295 | D:4      | Reached XP level 6. HP: 37/47 MP: 6/6
  4088 | D:4      | Reached skill level 7 in Unarmed Combat
  4170 | D:4      | Reached XP level 7. HP: 46/52 MP: 7/7
  4435 | D:4      | Found a sparkling altar of Nemelex Xobeh.
  4775 | D:5      | Entered Level 5 of the Dungeon
  4834 | D:5      | Found Qaowul's Magic Scroll Emporium.
  4850 | D:5      | Bought a scroll of identify for 20 gold pieces
  4850 | D:5      | Bought a scroll of blinking for 75 gold pieces
  4850 | D:5      | Bought a scroll of identify for 20 gold pieces
  4850 | D:5      | Bought a scroll of identify for 20 gold pieces
  4850 | D:5      | Bought a scroll of blinking for 75 gold pieces
  4850 | D:5      | Bought a scroll of random uselessness for 10 gold pieces
  5476 | D:5      | Found a glowing golden altar of the Shining One.
  5480 | D:5      | Identified Irolen's Papyrus of Darkness (You found it on level 5 of the Dungeon)
  5657 | D:6      | Found a blossoming altar of Fedhas.
  5657 | D:6      | Found a stormy altar of Qazlal.
  5756 | D:5      | Slain by a black bear

Vault maps used:
D:1:      matt_arrival_diagonals
D:3:      lemuel_blue_sif_altar, nicolae_ru_great_annihilating_truth
D:4:      kennysheep_little_box, first_bread
D:5:      serial_shops, shop, hangedman_abyss_or_decor_lesser_grid,
          kennysheep_big_empty_room, nicolae_tso_carved_into_rock
D:6:      grunt_temple_overflow_forces_of_nature,
          yredelemnul_forgotten_temple_becter

Vanquished Creatures
  An ogre
  A centaur zombie
  A centaur skeleton
  A hound
  4 orc priests
  2 orc wizards
  6 worker ants
  A hound skeleton
  5 adders
  A shadow imp
  5 oozes
  3 worms
  5 giant geckos
  17 orcs
  3 ball pythons
  15 bats
  5 giant cockroaches
  5 hobgoblins
  10 jackals
  4 quokkas
  4 giant newts
  10 goblins
  7 kobolds
  6 rats
122 creatures vanquished.
